PL
BOSTON PATRIOTS @ VANCOUVER GREY WOLVES
09/13/2033
 
TOP OF THE 1ST
Boston Patriots batting - Pitching for Vancouver Grey Wolves : RHP Ray Skipworth
Pitching: RHP Ray Skipworth
Batting: RHB Roland Deschain 0-0: Ball
1-0: Ball
2-0: Called Strike
2-1: SINGLE (Line Drive, 78S)
Batting: RHB Francisco Agámez 0-0: Called Strike
0-1: Ball
1-1: Foul Ball, location: 2F
1-2: Foul Ball, location: 2F
1-2: Ball
2-2: Fly out, F6 (Popup, 6M)
Batting: LHB Jorge Alejándrez 0-0: Ball
Roland Deschain is caught stealing 2nd base
1-0: Fly out, F9 (Flyball, 9S)
Top of the 1st over - 0 runs, 1 hit, 0 errors, 0 left on base; Boston 0 - Vancouver 0
BOTTOM OF THE 1ST
Vancouver Grey Wolves batting - Pitching for Boston Patriots : LHP Edison Larson
Pitching: LHP Edison Larson
Batting: RHB Urs van Munster 0-0: Ball
1-0: Swinging Strike
1-1: Ball
2-1: Ground out 1-3 (Groundball, P)
Batting: LHB Preston Witt 0-0: Ground out 5-3 (Groundball, 56)
Batting: RHB José Jarca 0-0: DOUBLE (Groundball, 5L)
Batting: RHB Hugh Mungus 0-0: Ball
1-0: Foul Ball, location: 2F
1-1: Ball
2-1: Ball
3-1: SINGLE (Flyball, 9S)
José Jarca to third
Throwing error, E9
José Jarca scores
Hugh Mungus to second
Batting: RHB Arlen Joysey 0-0: Ground out 2-3 (Groundball, 2L)
Bottom of the 1st over - 1 run, 2 hits, 1 error, 1 left on base; Boston 0 - Vancouver 1
TOP OF THE 2ND
Boston Patriots batting - Pitching for Vancouver Grey Wolves : RHP Ray Skipworth
Batting: LHB Jesús Reyes 0-0: Ball
1-0: Foul Ball, location: 2F
1-1: Swinging Strike
1-2: Foul Ball, location: 2F
1-2: Strikes out swinging
Batting: LHB Juan Alvarado 0-0: Called Strike
0-1: Called Strike
0-2: Ball
1-2: Foul Ball, location: 2F
1-2: Ball
2-2: Strikes out swinging
Batting: LHB Manuel Carmona 0-0: Ball
1-0: Called Strike
1-1: Ground out U3 (Groundball, 3L)
Top of the 2nd over - 0 runs, 0 hits, 0 errors, 0 left on base; Boston 0 - Vancouver 1
BOTTOM OF THE 2ND
Vancouver Grey Wolves batting - Pitching for Boston Patriots : LHP Edison Larson
Batting: RHB Wilson Vega 0-0: Called Strike
0-1: Ball
1-1: Ground out 5-3 (Groundball, 56)
Batting: LHB Michael Malloy 0-0: Ball
1-0: Foul Ball, location: 2F
1-1: Ball
2-1: Fly out, F8 (Flyball, 78M)
Batting: RHB José de la Cavallería 0-0: Ball
1-0: Foul Ball, location: 2F
1-1: Ball
2-1: Ball
3-1: Called Strike
3-2: Foul Ball, location: 2F
3-2: Foul Ball, location: 2F
3-2: Base on Balls
Batting: RHB Sixto Estrada 0-0: Ground out 4-3 (Groundball, 4)
Bottom of the 2nd over - 0 runs, 0 hits, 0 errors, 1 left on base; Boston 0 - Vancouver 1
TOP OF THE 3RD
Boston Patriots batting - Pitching for Vancouver Grey Wolves : RHP Ray Skipworth
Batting: RHB Stanley van de Ven 0-0: Ball
1-0: Swinging Strike
1-1: Hit by Pitch
Batting: RHB Bartolo Morales 0-0: Ball
1-0: Grounds into double play, 5-4-3 (Groundball, 56)
Batting: RHB Fortunato Rasquinha 0-0: Called Strike
0-1: Ball
1-1: Ball
2-1: Swinging Strike
2-2: Strikes out swinging
Top of the 3rd over - 0 runs, 0 hits, 0 errors, 0 left on base; Boston 0 - Vancouver 1
BOTTOM OF THE 3RD
Vancouver Grey Wolves batting - Pitching for Boston Patriots : LHP Edison Larson
Batting: RHB Urs van Munster 0-0: Called Strike
0-1: Fly out, F8 (Flyball, 8LM)
Batting: LHB Preston Witt 0-0: Called Strike
0-1: Ball
1-1: Called Strike
1-2: Foul Ball, location: 2F
1-2: Foul Ball, location: 2F
1-2: Strikes out swinging
Batting: RHB José Jarca 0-0: Ball
1-0: Ball
2-0: SINGLE (Groundball, 6D)
Batting: RHB Hugh Mungus 0-0: Called Strike
0-1: Ball
1-1: Ground out 5-3 (Groundball, 56)
Bottom of the 3rd over - 0 runs, 1 hit, 0 errors, 1 left on base; Boston 0 - Vancouver 1
TOP OF THE 4TH
Boston Patriots batting - Pitching for Vancouver Grey Wolves : RHP Ray Skipworth
Batting: RHB Roland Deschain 0-0: Ball
1-0: Foul Ball, location: 2F
1-1: Swinging Strike
1-2: Strikes out looking
Batting: RHB Francisco Agámez 0-0: Ball
1-0: Fly out, F7 (Flyball, 78M)
Batting: LHB Jorge Alejándrez 0-0: Ball
1-0: Swinging Strike
1-1: SOLO HOME RUN (Flyball, 7LD), Distance : 318 ft
Batting: LHB Jesús Reyes 0-0: Ground out 3-1 (Groundball, 34)
Top of the 4th over - 1 run, 1 hit, 0 errors, 0 left on base; Boston 1 - Vancouver 1
BOTTOM OF THE 4TH
Vancouver Grey Wolves batting - Pitching for Boston Patriots : LHP Edison Larson
Batting: RHB Arlen Joysey 0-0: Ball
1-0: Swinging Strike
1-1: Ball
2-1: Fly out, F7 (Flyball, 7D)
Batting: RHB Wilson Vega 0-0: Ball
1-0: Foul Ball, location: 2F
1-1: Ball
2-1: Called Strike
2-2: Foul Ball, location: 2F
2-2: Ball
3-2: Fly out, F8 (Flyball, 78D)
Batting: LHB Michael Malloy 0-0: Ball
1-0: Ball
2-0: Ground out U3 (Groundball, 34S)
Bottom of the 4th over - 0 runs, 0 hits, 0 errors, 0 left on base; Boston 1 - Vancouver 1
TOP OF THE 5TH
Boston Patriots batting - Pitching for Vancouver Grey Wolves : RHP Ray Skipworth
Batting: LHB Juan Alvarado 0-0: Called Strike
0-1: Ball
1-1: Ball
2-1: SOLO HOME RUN (Flyball, 9LD), Distance : 318 ft
Batting: LHB Manuel Carmona 0-0: Ball
1-0: Ball
2-0: SINGLE (Line Drive, 6M)
Batting: RHB Stanley van de Ven 0-0: Swinging Strike
0-1: Ball
1-1: Foul Ball, location: 2F
1-2: Strikes out swinging
Batting: RHB Bartolo Morales 0-0: Ball
Throwing error on steal attempt, E2
Manuel Carmona to third
1-0: Ball
2-0: Ground out 6-3 (Groundball, 6)
Manuel Carmona scores
Batting: RHB Fortunato Rasquinha 0-0: Ball
1-0: Ground out 3-1 (Groundball, 34S)
Top of the 5th over - 2 runs, 2 hits, 1 error, 0 left on base; Boston 3 - Vancouver 1
BOTTOM OF THE 5TH
Vancouver Grey Wolves batting - Pitching for Boston Patriots : LHP Edison Larson
Batting: RHB José de la Cavallería 0-0: Ball
1-0: Called Strike
1-1: SINGLE (Line Drive, 7S)
Batting: RHB Sixto Estrada 0-0: Called Strike
0-1: Called Strike
0-2: Fly out, F4 (Line Drive, 4)
Batting: RHB Urs van Munster 0-0: Ball
1-0: Called Strike
1-1: Fly out, F8 (Flyball, 8RM)
Pitching: RHP Sam Mooney
Batting: LHB Preston Witt 0-0: Swinging Strike
0-1: Ball
1-1: Ball
2-1: Ball
3-1: Called Strike
3-2: Foul Ball, location: 2F
3-2: Strikes out swinging
Bottom of the 5th over - 0 runs, 1 hit, 0 errors, 1 left on base; Boston 3 - Vancouver 1
TOP OF THE 6TH
Boston Patriots batting - Pitching for Vancouver Grey Wolves : RHP Ray Skipworth
Batting: RHB Roland Deschain 0-0: Called Strike
0-1: Called Strike
0-2: Ground out 4-3 (Groundball, 4)
Batting: RHB Francisco Agámez 0-0: Fly out, F7 (Flyball, 7LS)
Batting: LHB Jorge Alejándrez 0-0: Called Strike
0-1: Ground out 4-3 (Groundball, 4)
Top of the 6th over - 0 runs, 0 hits, 0 errors, 0 left on base; Boston 3 - Vancouver 1
BOTTOM OF THE 6TH
Vancouver Grey Wolves batting - Pitching for Boston Patriots : RHP Sam Mooney
Batting: RHB José Jarca 0-0: Foul Ball, location: 2F
0-1: Ball
1-1: Ball
2-1: Foul Ball, location: 2F
2-2: Strikes out swinging
Batting: RHB Hugh Mungus 0-0: Ball
1-0: Ground out 6-3 (Groundball, 6)
Batting: RHB Arlen Joysey 0-0: Foul Ball, location: 2F
0-1: Ball
1-1: Foul Ball, location: 2F
1-2: Strikes out looking
Bottom of the 6th over - 0 runs, 0 hits, 0 errors, 0 left on base; Boston 3 - Vancouver 1
TOP OF THE 7TH
Boston Patriots batting - Pitching for Vancouver Grey Wolves : RHP Ray Skipworth
Batting: LHB Jesús Reyes 0-0: Ball
1-0: Foul Ball, location: 2F
1-1: Ground out 4-3 (Groundball, 4)
Batting: LHB Juan Alvarado 0-0: Called Strike
0-1: Foul Ball, location: 2F
0-2: Ball
1-2: Strikes out swinging
Batting: LHB Manuel Carmona 0-0: DOUBLE (Groundball, 3L)
Batting: RHB Stanley van de Ven 0-0: Called Strike
0-1: Foul Ball, location: 2F
0-2: Ball
1-2: Foul Ball, location: 2F
1-2: Ground out 6-3 (Groundball, 6)
Top of the 7th over - 0 runs, 1 hit, 0 errors, 1 left on base; Boston 3 - Vancouver 1
BOTTOM OF THE 7TH
Vancouver Grey Wolves batting - Pitching for Boston Patriots : RHP Sam Mooney
Batting: RHB Wilson Vega 0-0: Called Strike
0-1: Swinging Strike
0-2: Ball
1-2: Ball
2-2: Strikes out swinging
Batting: LHB Michael Malloy 0-0: Ball
1-0: Ball
2-0: Foul Ball, location: 2F
2-1: Ball
3-1: Base on Balls
Batting: RHB José de la Cavallería 0-0: Ball
1-0: Foul Ball, location: 2F
1-1: Grounds into double play, 6-4-3 (Groundball, 56)
Bottom of the 7th over - 0 runs, 0 hits, 0 errors, 0 left on base; Boston 3 - Vancouver 1
TOP OF THE 8TH
Boston Patriots batting - Pitching for Vancouver Grey Wolves : RHP Ray Skipworth
Batting: RHB Bartolo Morales 0-0: Swinging Strike
0-1: Fly out, F8 (Flyball, 8LD)
Batting: RHB Fortunato Rasquinha 0-0: Foul Ball, location: 2F
0-1: Foul Ball, location: 2F
0-2: Ball
1-2: Strikes out swinging
Batting: RHB Roland Deschain 0-0: Ball
1-0: Called Strike
1-1: Ball
2-1: Ball
3-1: Called Strike
3-2: Foul Ball, location: 2F
3-2: Base on Balls
Pitching: LHP Ramón Costello
Batting: RHB Francisco Agámez 0-0: Ball
1-0: Ball
Roland Deschain steals 2nd base
2-0: Ball
3-0: Called Strike
3-1: Foul Ball, location: 2F
3-2: Foul Ball, location: 2F
3-2: Foul Ball, location: 2F
3-2: Foul Ball, location: 2F
3-2: SINGLE (Groundball, 56D)
Roland Deschain to third
Roland Deschain scores
Batting: LHB Jorge Alejándrez 0-0: Ball
Pickoff Throw to First - Error! E1
Francisco Agámez to second
1-0: Ball
2-0: Called Strike
2-1: Ball
3-1: Foul Ball, location: 2F
3-2: Foul Ball, location: 2F
3-2: Fly out, F2 (Popup, 25F)
Top of the 8th over - 1 run, 1 hit, 1 error, 1 left on base; Boston 4 - Vancouver 1
BOTTOM OF THE 8TH
Vancouver Grey Wolves batting - Pitching for Boston Patriots : RHP Sam Mooney
Batting: RHB Sixto Estrada 0-0: Called Strike
0-1: Ball
1-1: Foul Ball, location: 2F
1-2: Strikes out swinging
Batting: RHB Urs van Munster 0-0: Ball
1-0: Foul Ball, location: 2F
1-1: Ground out 5-3 (Groundball, 56)
Batting: LHB Preston Witt 0-0: Swinging Strike
0-1: Swinging Strike
0-2: Foul Ball, location: 2F
0-2: SINGLE (Line Drive, 56)
Batting: RHB José Jarca 0-0: Called Strike
0-1: Foul Ball, location: 2F
0-2: Ball
1-2: Fly out, F3 (Popup, 34S)
Bottom of the 8th over - 0 runs, 1 hit, 0 errors, 1 left on base; Boston 4 - Vancouver 1
TOP OF THE 9TH
Boston Patriots batting - Pitching for Vancouver Grey Wolves : LHP Ramón Costello
Batting: LHB Jesús Reyes 0-0: Foul Ball, location: 2F
0-1: Swinging Strike
0-2: Foul Ball, location: 2F
0-2: Strikes out swinging
Batting: LHB Juan Alvarado 0-0: Called Strike
0-1: Called Strike
0-2: Foul Ball, location: 2F
0-2: Strikes out looking
Batting: LHB Manuel Carmona 0-0: Ball
1-0: Foul Ball, location: 2F
1-1: Foul Ball, location: 2F
1-2: Ball
2-2: Ball
3-2: Ground out 4-3 (Groundball, 4)
Top of the 9th over - 0 runs, 0 hits, 0 errors, 0 left on base; Boston 4 - Vancouver 1
BOTTOM OF THE 9TH
Vancouver Grey Wolves batting - Pitching for Boston Patriots : RHP Sam Mooney
Batting: RHB Hugh Mungus 0-0: Ball
1-0: Foul Ball, location: 2F
1-1: Ball
2-1: Ground out 5-3 (Groundball, 56S)
Batting: RHB Arlen Joysey 0-0: Ball
1-0: Swinging Strike
1-1: Ball
2-1: Ball
3-1: Swinging Strike
3-2: Fly out, F7 (Flyball, 78M)
Batting: RHB Wilson Vega 0-0: Called Strike
0-1: Ball
1-1: Fly out, F4 (Flyball, 34D)
Bottom of the 9th over - 0 runs, 0 hits, 0 errors, 0 left on base; Boston 4 - Vancouver 1
Saturday, December 22nd, 2018 - OOTP Baseball 18.8 Build 76